TOP OF THE 1ST |
Bemidji Benders batting - Pitching for Minnesota Death Stars : RHP Dave Heath
|
Pitching: RHP Dave Heath
|
|
Batting: RHB Ángel Garza
|
0-0: Foul Ball, location: 2F 0-1: Swinging Strike 0-2: Strikes out swinging
|
Batting: RHB Claudio Souza
|
0-0: Foul Ball, location: 2F 0-1: Foul Ball, location: 2F 0-2: Ball 1-2: Ball 2-2: Ball 3-2: Ground out 6-3 (Groundball, 6)
|
Batting: LHB Willie Wallace
|
0-0: Fly out, F6 (Popup, 6)
|
Top of the 1st over - 0 run(s), 0 hit(s), 0 error(s), 0 left on base; Bemidji 0 - Minnesota 0 |
BOTTOM OF THE 1ST |
Minnesota Death Stars batting - Pitching for Bemidji Benders : RHP Alfredo Montero
|
Pitching: RHP Alfredo Montero
|
|
Batting: LHB Pat Zimmerman
|
0-0: DOUBLE (Line Drive, 5D)
|
Batting: RHB Steve Garneys
|
0-0: Called Strike 0-1: Fly out, F9 (Flyball, 9M) Runner from 2nd tags up, OUT at 3rd
|
Batting: LHB Jarrod O'Milford
|
0-0: Ball 1-0: Ball 2-0: SINGLE (Line Drive, 4D)
|
Batting: SHB Boys van der Lack
|
0-0: Ground out 3-1 (Groundball, 3)
|
Bottom of the 1st over - 0 run(s), 2 hit(s), 0 error(s), 1 left on base; Bemidji 0 - Minnesota 0 |
TOP OF THE 2ND |
Bemidji Benders batting - Pitching for Minnesota Death Stars : RHP Dave Heath
|
Batting: RHB Alfredo López
|
0-0: Foul Ball, location: 2F 0-1: Ball 1-1: Foul Ball, location: 2F 1-2: Fly out, F4 (Line Drive, 4M)
|
Batting: SHB Rob Grun
|
0-0: Foul Ball, location: 2F 0-1: Ball 1-1: Ball 2-1: TRIPLE (Line Drive, 89S)
|
Batting: RHB Gabriel Stout
|
0-0: Foul Ball, location: 2F 0-1: Called Strike 0-2: Ball 1-2: Strikes out swinging
|
Batting: SHB Edgardo Osorio
|
0-0: Ball 1-0: Ball 2-0: Called Strike 2-1: SINGLE (Groundball, 4MD) Rob Grun scores
|
Batting: RHB António López
|
0-0: Called Strike Edgardo Osorio steals 2nd base 0-1: Ball 1-1: DOUBLE (Line Drive, 5D) Edgardo Osorio scores
|
Batting: RHB Jeff Lloyd
|
0-0: Called Strike 0-1: Ball 1-1: Foul Ball, location: 2F 1-2: Strikes out swinging
|
Top of the 2nd over - 2 run(s), 3 hit(s), 0 error(s), 1 left on base; Bemidji 2 - Minnesota 0 |
BOTTOM OF THE 2ND |
Minnesota Death Stars batting - Pitching for Bemidji Benders : RHP Alfredo Montero
|
Batting: SHB Tim Abbott
|
0-0: Called Strike 0-1: SINGLE (Line Drive, 89S)
|
Batting: RHB Merlin Morris
|
0-0: Foul Ball, location: 2F 0-1: Ball 1-1: Foul Ball, location: 2F Single, Error in OF, E8, batter to second base Tim Abbott to third
|
Batting: RHB Keith Sims
|
0-0: Swinging Strike 0-1: Ground out 5-3 (Groundball, 5)
|
Batting: RHB Soetsu Kaneko
|
0-0: Called Strike 0-1: Foul Ball, location: 2F 0-2: Foul Ball, location: 2F 0-2: Foul Ball, location: 2F 0-2: Strikes out swinging
|
Batting: LHB Sean Nicks
|
0-0: Called Strike 0-1: Ground out 4-3 (Groundball, 4M)
|
Bottom of the 2nd over - 0 run(s), 2 hit(s), 1 error(s), 2 left on base; Bemidji 2 - Minnesota 0 |
TOP OF THE 3RD |
Bemidji Benders batting - Pitching for Minnesota Death Stars : RHP Dave Heath
|
Batting: RHB Ángel Garza
|
0-0: Called Strike 0-1: Ball 1-1: Foul Ball, location: 2F 1-2: Ground out 6-3 (Groundball, 6)
|
Batting: RHB Claudio Souza
|
0-0: Ball 1-0: Foul Ball, location: 2F 1-1: Ball 2-1: Swinging Strike 2-2: Fly out, F9 (Flyball, 9M)
|
Batting: LHB Willie Wallace
|
0-0: Ball 1-0: Ball 2-0: Foul Ball, location: 2F 2-1: Foul Ball, location: 2F 2-2: Fly out, F6 (Popup, 6MD)
|
Top of the 3rd over - 0 run(s), 0 hit(s), 0 error(s), 0 left on base; Bemidji 2 - Minnesota 0 |
BOTTOM OF THE 3RD |
Minnesota Death Stars batting - Pitching for Bemidji Benders : RHP Alfredo Montero
|
Batting: LHB Pat Zimmerman
|
0-0: Called Strike 0-1: Swinging Strike 0-2: Ball 1-2: SINGLE (Line Drive, 3L)
|
Batting: RHB Steve Garneys
|
0-0: Ball 1-0: Called Strike 1-1: Ball 2-1: Fly out, F4 (Popup, 4)
|
Batting: LHB Jarrod O'Milford
|
0-0: Ball 1-0: Called Strike 1-1: Ball 2-1: Called Strike 2-2: Strikes out swinging
|
Batting: SHB Boys van der Lack
|
0-0: Ball 1-0: Called Strike 1-1: Foul Ball, location: 2F 1-2: Foul Ball, location: 2F 1-2: Ball 2-2: Ball 3-2: Foul Ball, location: 2F 3-2: Foul Ball, location: 2F 3-2: Foul Ball, location: 2F 3-2: Fly out, F5 (Popup, 5DF)
|
Bottom of the 3rd over - 0 run(s), 1 hit(s), 0 error(s), 1 left on base; Bemidji 2 - Minnesota 0 |
TOP OF THE 4TH |
Bemidji Benders batting - Pitching for Minnesota Death Stars : RHP Dave Heath
|
Batting: RHB Alfredo López
|
0-0: Called Strike 0-1: Ball 1-1: Foul Ball, location: 2F 1-2: Ball 2-2: Ball 3-2: Ground out 5-3 (Groundball, 5)
|
Batting: SHB Rob Grun
|
0-0: Ball 1-0: Ground out 4-3 (Groundball, 34)
|
Batting: RHB Gabriel Stout
|
0-0: Called Strike 0-1: Fly out, F7 (Line Drive, 78M)
|
Top of the 4th over - 0 run(s), 0 hit(s), 0 error(s), 0 left on base; Bemidji 2 - Minnesota 0 |
BOTTOM OF THE 4TH |
Minnesota Death Stars batting - Pitching for Bemidji Benders : RHP Alfredo Montero
|
Batting: SHB Tim Abbott
|
0-0: Ball 1-0: DOUBLE (Flyball, 8LXD)
|
Batting: RHB Merlin Morris
|
0-0: Ball 1-0: Called Strike 1-1: Ball 2-1: Ground out 6-3 (Groundball, 6) Tim Abbott to third
|
Batting: RHB Keith Sims
|
0-0: SINGLE (Groundball, 6MD) Tim Abbott scores
|
Batting: RHB Soetsu Kaneko
|
0-0: Ball 1-0: Grounds into double play, 6-4-3 (Groundball, 6)
|
Bottom of the 4th over - 1 run(s), 2 hit(s), 0 error(s), 0 left on base; Bemidji 2 - Minnesota 1 |
TOP OF THE 5TH |
Bemidji Benders batting - Pitching for Minnesota Death Stars : RHP Dave Heath
|
Batting: SHB Edgardo Osorio
|
0-0: Called Strike 0-1: SINGLE (Groundball, 34)
|
Batting: RHB António López
|
0-0: Ball Edgardo Osorio is caught stealing 2nd base 1-0: Called Strike 1-1: Ball 2-1: Ball 3-1: Ground out 5-3 (Groundball, 56)
|
Batting: RHB Jeff Lloyd
|
0-0: Foul Ball, location: 2F 0-1: Foul Ball, location: 2F 0-2: Ball 1-2: Ground out 5-3 (Groundball, 5L)
|
Top of the 5th over - 0 run(s), 1 hit(s), 0 error(s), 0 left on base; Bemidji 2 - Minnesota 1 |
BOTTOM OF THE 5TH |
Minnesota Death Stars batting - Pitching for Bemidji Benders : RHP Alfredo Montero
|
Batting: LHB Sean Nicks
|
0-0: Ball 1-0: Swinging Strike 1-1: Ball 2-1: Ground out 4-3 (Groundball, 34)
|
Batting: LHB Pat Zimmerman
|
0-0: Ball 1-0: SINGLE (Groundball, 56D)
|
Batting: RHB Steve Garneys
|
0-0: Ball 1-0: Called Strike 1-1: Grounds into double play, 6-4-3 (Groundball, 6M)
|
Bottom of the 5th over - 0 run(s), 1 hit(s), 0 error(s), 0 left on base; Bemidji 2 - Minnesota 1 |
TOP OF THE 6TH |
Bemidji Benders batting - Pitching for Minnesota Death Stars : RHP Dave Heath
|
Batting: RHB Ángel Garza
|
0-0: Ball 1-0: SINGLE (Groundball, 56)
|
Batting: RHB Claudio Souza
|
0-0: Called Strike 0-1: Ground out 5-3 (Groundball, 5S) Ángel Garza to second
|
Batting: LHB Willie Wallace
|
0-0: Intentional Walk
|
Pitching: RHP Júlio Ruíz
|
|
Batting: RHB Alfredo López
|
0-0: Grounds into double play, 6-4-3 (Groundball, 6)
|
Top of the 6th over - 0 run(s), 1 hit(s), 0 error(s), 1 left on base; Bemidji 2 - Minnesota 1 |
BOTTOM OF THE 6TH |
Minnesota Death Stars batting - Pitching for Bemidji Benders : RHP Alfredo Montero
|
Batting: LHB Jarrod O'Milford
|
0-0: Ground out 3-1 (Groundball, 34)
|
Batting: SHB Boys van der Lack
|
0-0: Ball 1-0: Ground out 4-3 (Groundball, 34)
|
Batting: SHB Tim Abbott
|
0-0: Called Strike 0-1: Foul Ball, location: 2F 0-2: Ball 1-2: Fly out, F3 (Line Drive, 3S)
|
Bottom of the 6th over - 0 run(s), 0 hit(s), 0 error(s), 0 left on base; Bemidji 2 - Minnesota 1 |
TOP OF THE 7TH |
Bemidji Benders batting - Pitching for Minnesota Death Stars : RHP Júlio Ruíz
|
Batting: SHB Rob Grun
|
0-0: Called Strike 0-1: Foul Ball, location: 2F 0-2: Ball 1-2: Strikes out swinging
|
Batting: RHB Gabriel Stout
|
0-0: Called Strike 0-1: Called Strike 0-2: Ball 1-2: Strikes out swinging
|
Batting: SHB Edgardo Osorio
|
0-0: SINGLE (Line Drive, 56D)
|
Pinch Hitting: LHB Manuel Aguilar
|
0-0: Ball 1-0: Ball Edgardo Osorio steals 2nd base 2-0: Ball 3-0: Called Strike 3-1: Base on Balls
|
Batting: RHB Jeff Lloyd
|
0-0: Called Strike 0-1: Ball 1-1: Ball 2-1: Called Strike 2-2: Ball 3-2: 3-RUN HOME RUN (Flyball, 78XD) (Inside the Park)
|
Batting: RHB Ángel Garza
|
0-0: Swinging Strike 0-1: Ball 1-1: Ball 2-1: Foul Ball, location: 2F 2-2: Ball 3-2: Foul Ball, location: 2F 3-2: Fly out, F6 (Line Drive, 6)
|
Top of the 7th over - 3 run(s), 2 hit(s), 0 error(s), 0 left on base; Bemidji 5 - Minnesota 1 |
BOTTOM OF THE 7TH |
Minnesota Death Stars batting - Pitching for Bemidji Benders : RHP Alfredo Montero
|
Now at 1B: Júlio Sánchez
|
|
Batting: RHB Merlin Morris
|
0-0: Ball 1-0: Ball 2-0: Foul Ball, location: 2F 2-1: Ball 3-1: Base on Balls
|
Batting: RHB Keith Sims
|
0-0: Foul Ball, location: 2F 0-1: Grounds into double play, 6-4-3 (Groundball, 6)
|
Batting: RHB Soetsu Kaneko
|
0-0: Ball 1-0: Called Strike 1-1: Foul Ball, location: 2F 1-2: Strikes out swinging
|
Bottom of the 7th over - 0 run(s), 0 hit(s), 0 error(s), 0 left on base; Bemidji 5 - Minnesota 1 |
TOP OF THE 8TH |
Bemidji Benders batting - Pitching for Minnesota Death Stars : RHP Júlio Ruíz
|
Batting: RHB Claudio Souza
|
0-0: Foul Ball, location: 2F 0-1: Ball 1-1: Called Strike 1-2: Ball 2-2: Strikes out looking
|
Pitching: RHP Jacob Christian
|
|
Batting: LHB Willie Wallace
|
0-0: Ball 1-0: Foul Ball, location: 2F 1-1: Ball 2-1: Foul Ball, location: 2F 2-2: Foul Ball, location: 2F 2-2: Ball 3-2: Base on Balls
|
Batting: RHB Alfredo López
|
0-0: Swinging Strike 0-1: Ball 1-1: Fly out, F7 (Flyball, 78XD)
|
Batting: SHB Rob Grun
|
0-0: Called Strike Willie Wallace steals 2nd base 0-1: Ball 1-1: Ball 2-1: Called Strike 2-2: Ball 3-2: Base on Balls
|
Batting: RHB Gabriel Stout
|
0-0: Ball 1-0: Ball 2-0: Fielders Choice at 2nd, U6 (Groundball, 6M)
|
Top of the 8th over - 0 run(s), 0 hit(s), 0 error(s), 2 left on base; Bemidji 5 - Minnesota 1 |
BOTTOM OF THE 8TH |
Minnesota Death Stars batting - Pitching for Bemidji Benders : RHP Alfredo Montero
|
Pitching: RHP Ramón Sánchez
|
|
Batting: LHB Sean Nicks
|
0-0: Swinging Strike 0-1: Fly out, F9 (Flyball, 9LM)
|
Batting: LHB Pat Zimmerman
|
0-0: Called Strike 0-1: Ball 1-1: Fly out, F8 (Line Drive, 8RM)
|
Batting: RHB Steve Garneys
|
0-0: SINGLE (Line Drive, 9S)
|
Batting: LHB Jarrod O'Milford
|
0-0: Ball 1-0: Ball 2-0: Ball 3-0: Base on Balls Steve Garneys to second
|
Batting: SHB Boys van der Lack
|
0-0: SINGLE (Line Drive, 7S) Steve Garneys to third Jarrod O'Milford to second Runner from 3rd tries for Home, SAFE, no throw or cutoff
|
Pitching: LHP Alberto Martínez
|
|
Batting: SHB Tim Abbott
|
0-0: Ball 1-0: Fly out, F4 (Popup, 34)
|
Bottom of the 8th over - 1 run(s), 2 hit(s), 0 error(s), 2 left on base; Bemidji 5 - Minnesota 2 |
TOP OF THE 9TH |
Bemidji Benders batting - Pitching for Minnesota Death Stars : RHP Jacob Christian
|
Batting: SHB Edgardo Osorio
|
0-0: Fly out, F9 (Flyball, 9M)
|
Batting: RHB Júlio Sánchez
|
0-0: Ball 1-0: Ball 2-0: Ground out 6-3 (Groundball, 6)
|
Batting: RHB Jeff Lloyd
|
0-0: Called Strike 0-1: Ball 1-1: Foul Ball, location: 2F 1-2: Ball 2-2: Foul Ball, location: 2F 2-2: Ball 3-2: Foul Ball, location: 2F 3-2: Base on Balls
|
Batting: RHB Ángel Garza
|
0-0: Called Strike 0-1: Ball 1-1: Ball 2-1: Foul Ball, location: 2F 2-2: Foul Ball, location: 2F 2-2: Ball 3-2: Foul Ball, location: 2F 3-2: Base on Balls Jeff Lloyd to second
|
Batting: RHB Claudio Souza
|
0-0: Ground out 5-3 (Groundball, 56S)
|
Top of the 9th over - 0 run(s), 0 hit(s), 0 error(s), 2 left on base; Bemidji 5 - Minnesota 2 |
BOTTOM OF THE 9TH |
Minnesota Death Stars batting - Pitching for Bemidji Benders : LHP Alberto Martínez
|
Pitching: RHP Cristián Torres
|
|
Batting: RHB Merlin Morris
|
0-0: Ball 1-0: SINGLE (Groundball, 56D)
|
Batting: RHB Keith Sims
|
0-0: Called Strike 0-1: Ball 1-1: Called Strike 1-2: Fly out, F5 (Popup, 5L)
|
Batting: RHB Soetsu Kaneko
|
0-0: Foul Ball, location: 2F 0-1: Ball 1-1: Ball 2-1: Foul Ball, location: 2F 2-2: Strikes out looking
|
Batting: LHB Sean Nicks
|
0-0: Ball 1-0: Ball 2-0: Called Strike 2-1: Fly out, F7 (Flyball, 7M)
|
Bottom of the 9th over - 0 run(s), 1 hit(s), 0 error(s), 1 left on base; Bemidji 5 - Minnesota 2 |
|